 Dungeon Crawl Stone Soup version 0.28.0 (webtiles) character file.

Game seed: 10418322714921824776

20 growler the Gusty (level 2, 0/15 HPs)
             Began as a Tengu Air Elementalist on Feb 9, 2022.
             Slain by a worm (8 damage)
             ... on level 2 of the Dungeon.
             The game lasted 00:04:29 (1473 turns).

growler the Gusty (Tengu Air Elementalist)          Turns: 1473, Time: 00:04:30

Health: 0/15       AC:  2    Str:  8    XL:     2   Next: 79%
Magic:  1/6        EV: 16    Int: 15    God:
Gold:   41         SH:  0    Dex: 14    Spells: 2/5 levels left

rFire   . . .      SeeInvis .   (no weapon)
rCold   + . .      Faith    .   (no shield)
rNeg    . . .      Spirit   .   a - +0 robe
rPois   .          Reflect  .   (helmet restricted)
rElec   .          Harm     .   (no cloak)
rCorr   .          Rampage  .   (no gloves)
Will    .....                   (boots unavailable)
Stlth   ++........              (no amulet)
HPRegen 0.05/turn               h - +4 ring of evasion
MPRegen 0.10/turn               o - ring of protection from cold

@: no status effects
A: beak, talons 3
a: no special abilities


You were on level 2 of the Dungeon.
You visited 1 branch of the dungeon, and saw 2 of its levels.

You collected 41 gold pieces.

Inventory:

Armour
 a - a +0 robe (worn)
Jewellery
 h - a +4 ring of evasion (left hand)
   (You found it on level 1 of the Dungeon)
 o - a ring of protection from cold (right hand)
   (You found it on level 1 of the Dungeon)
Scrolls
 b - a scroll of fog {unknown}
 g - a scroll of teleportation {unknown}
Potions
 c - a potion of lignification {unknown}
 d - 2 potions of attraction {unknown}
 e - a potion of haste {unknown}
 f - 2 potions of curing {unknown}


   Skills:
 - Level 2.1 Dodging
 - Level 2.0 Stealth
 + Level 2.4 Spellcasting
 + Level 2.3 Conjurations
 + Level 4.4 Air Magic


You had 2 spell levels left.
You knew the following spells:

 Your Spells              Type           Power      Damage    Failure   Level
a - Shock                 Conj/Air       44%        1d5       5%          1
d - Static Discharge      Conj/Air       11%        N/A       9%          2

Your spell library contained the following spells:

 Spells                   Type           Power      Damage    Failure   Level
 Swiftness                Air            15%        N/A       11%         3
 Airstrike                Air            7%         N/A       34%         4


Dungeon Overview and Level Annotations

Branches:
Dungeon (2/15)

Altars:

Annotations:
D:1 Terence


Innate Abilities, Weirdness & Mutations

You have a beak for a mouth.
You have claws for feet.


Message History

Aim: a worm (heavily wounded, 89% to hit)
The zap misses the rat.
The zap hits the worm.
The rat bites you but does no damage.
Aim: a worm (severely wounded, 89% to hit)
The zap hits the rat.
You kill the rat!
The zap hits the worm.
Aim: a worm (severely wounded, 89% to hit)
The zap misses the worm.
Aim: a worm (severely wounded, 89% to hit)
The zap hits the worm.
Aim: a worm (heavily wounded, 89% to hit)
The zap hits the worm.
As you open the door, it creaks loudly!
There is an open door here.
You close the door.
You start resting.
You start resting.
You open the door.
There is an open door here.
Aim: a worm (89% to hit)
The zap hits the worm.
Aim: a worm (lightly wounded, 89% to hit)
The zap hits the worm.
Aim: a worm (lightly wounded, 89% to hit)
The zap misses the worm.
Aim: a worm (lightly wounded, 89% to hit)
The zap hits the worm.
Aim: a worm (moderately wounded, 89% to hit)
The zap hits the worm.
Aim: a worm (moderately wounded, 89% to hit)
The zap hits the worm.
There is an open door here.
You close the door.
You start resting.
You open the door.
There is an open door here.
The worm bites you.
You miscast Static Discharge.
You are very lightly contaminated with residual magic.
Nothing appears to happen.
The worm misses you.
The worm is struck by an arc of lightning.
The lightning grounds out.
The worm is struck by an arc of lightning.
You are struck by an arc of lightning.
The lightning grounds out.
The worm barely misses you.
Your magical contamination has completely faded away.
The worm bites you!
Ouch! That really hurt!
You die...

#######
#.....#
#.....#
#.....#
#.@w..#
#.....#
#.....#
#.....#
#.....#
#.######.....#
#w.....<###'##
######### #.#
#.#


You could see a worm.

Vanquished Creatures
  3 ball pythons (D:1)
  2 endoplasms
  2 giant cockroaches (D:1)
  4 goblins (D:1)
  2 hobgoblins (D:1)
  A bat (D:2)
  2 kobolds (D:1)
  A rat (D:2)
17 creatures vanquished.

Notes
Turn   | Place    | Note
-------+----------+-------------------------------------------
     0 | D:1      | growler the Tengu Air Elementalist began the quest for the
                  | Orb.
     0 | D:1      | Reached XP level 1. HP: 10/10 MP: 4/4
   133 | D:1      | Found a faded altar of an unknown god.
   152 | D:1      | Reached XP level 2. HP: 15/15 MP: 4/6
   155 | D:1      | Learned a level 2 spell: Static Discharge
  1042 | D:2      | Noticed Terence
  1473 | D:2      | Slain by a worm

Illustrated notes

Levels and vault maps discovered:
D:1:      mrwooster_arrival_statue, layout_loops_ring,
          shapermc_ecumenical_altar_pompeii, minmay_quantized
D:2:      layout_basic, uniq_terence, uniq_natasha

Skill      XL: |  1  2 |
---------------+-------+-----
Conjurations   | 2 |  2.3
Dodging        | |  2.1
Stealth        | |  2.0
Spellcasting   | |  2.4
Air Magic      | |  4.4

Action                   || total
-------------------------++-------
 Cast: Shock             ||    45
       Static Discharge  ||     2
Armor: Robe              ||     2
Dodge: Dodged            ||     7
